 Dungeon Crawl Stone Soup version 0.22.0-6-g71bd7aa (webtiles) character file.

44 KLATTERAL the Grave Robber (level 3, 0/26 HPs)
             Began as a Minotaur Necromancer on Aug 14, 2018.
             Was an Initiate of Ru.
             Killed from afar by Ijyb (3 damage)
             ... with a wand of flame (19)
             ... on level 3 of the Dungeon.
             The game lasted 00:20:40 (1709 turns).

KLATTERAL the Grave Robber (Minotaur Necromancer)   Turns: 1709, Time: 00:20:41

Health: 0/26       AC:  4    Str: 12    XL:     3   Next: 41%
Magic:  4/4        EV: 14    Int: 13    God:    Ru [......]
Gold:   112        SH:  0    Dex: 10    Spells: 3/5 levels left

rFire    . . .     SeeInvis .   e - +1 mace
rCold    . . .     Gourm    .   (no shield)
rNeg     . . .     Faith    .   f - -1 ring mail (curse)
rPois    .         Spirit   .   (helmet restricted)
rElec    .         Reflect  .   o - -2 cloak (curse)
rCorr    .         Harm     .   (no gloves)
MR       .....                  m - +0 pair of boots
Stlth    +.........             (no amulet)
HPRegen  0.08/turn              q - ring of wizardry
MPRegen  0.09/turn              p - +3 ring of evasion

@: no status effects
A: retaliatory headbutt, horns 2
a: Renounce Religion


You were on level 3 of the Dungeon.
You worshipped Ru.
Ru was noncommittal.
You were not hungry.

You visited 1 branch of the dungeon, and saw 3 of its levels.

You collected 112 gold pieces.

Inventory:

Hand Weapons
 e - a +1 mace (weapon)
Missiles
 t - 47 stones (quivered)
Armour
 a - a +0 robe
 f - a cursed -1 ring mail (worn)
 m - a +0 pair of boots (worn)
 o - a cursed -2 cloak (worn)
 w - a cursed +0 leather armour
 x - a +0 chain mail
Jewellery
 p - a +3 ring of evasion (right hand)
 q - a ring of wizardry (left hand)
 s - an uncursed ring of protection from fire
Scrolls
 d - 2 scrolls of identify
 g - a scroll of enchant armour {unknown}
 h - 2 scrolls of magic mapping {unknown}
 i - a scroll of immolation {unknown}
 k - a scroll of remove curse {unknown}
 l - a scroll of amnesia {unknown}
Potions
 b - a potion of agility {unknown}
 n - a potion of might {unknown}
 r - a potion of curing {unknown}
 u - a potion of ambrosia {unknown}
 v - 2 potions of degeneration
 z - a potion of haste {unknown}
 A - a potion of resistance {unknown}
Comestibles
 c - 2 rations
 j - 2 chunks of flesh


   Skills:
 + Level 1.3 Maces & Flails
 * Level 1.9 Armour
 + Level 2.4 Dodging
 - Level 1.5 Stealth
 + Level 1.5 Spellcasting
 + Level 3.3 Necromancy


You had 3 spell levels left.
You knew the following spells:

 Your Spells              Type           Power        Failure   Level  Hunger
a - Pain                  Necr           #...         6%          1    ##.....
b - Animate Skeleton      Necr           N/A          6%          1    ##.....

Your spell library contained the following spells:

 Spells                   Type           Power        Failure   Level  Hunger
 Animate Dead             Necr           N/A          50%         4    #####..
 Vampiric Draining        Necr           #.........   17%         3    ####...
 Regeneration             Chrm/Necr      #.........   32%         3    ####...


Dungeon Overview and Level Annotations

Branches:
Dungeon (3/15)

Altars:
Ru
Uskayaw

Annotations:
D:3 Ijyb


Innate Abilities, Weirdness & Mutations

You reflexively headbutt those who attack you in melee.
You have a pair of horns on your head.


Message History

You barely miss Ijyb.
Ijyb is lightly wounded.
Ijyb closely misses you.
You barely miss Ijyb. Your headbutt misses Ijyb.
Ijyb is lightly wounded.
Ijyb misses you.
You closely miss Ijyb.
Ijyb is lightly wounded.
Ijyb hits you with a dagger. Ijyb hits you but does no damage.
You closely miss Ijyb.
Ijyb is lightly wounded.
Ijyb zaps a wand.
The puff of flame hits you!
You hit Ijyb but do no damage.
Ijyb is lightly wounded.
A goblin comes into view. It is wielding a club.
Ijyb hits you with a dagger.
Ijyb zaps a wand.
The puff of flame hits you!
* * * LOW HITPOINT WARNING * * *
Ijyb zaps a wand.
The puff of flame hits you!
You die...

#....## .#.#....#
#....# #.#....#.#
#....# # #....#.#
#...>####.#.##...#.####
#...<........<.........
#....####.#.###..#.####
#....# #........#.#
#....#
###.###..#.######..
#..... #...@..g..g....
#...#. #.#..#.#######.
#... . #.#...... #...
.. # #..#.### ######


You could see Ijyb and a goblin.

Vanquished Creatures
  2 adders
  A leopard gecko (D:1)
  A giant cockroach (D:2)
  A hobgoblin (D:1)
  4 bats
  4 frilled lizards
  4 goblins
  4 kobolds
  3 rats
24 creatures vanquished.

Vanquished Creatures (collateral kills)
  A leopard gecko (D:2)
  A bat (D:2)
  A hobgoblin (D:2)
3 creatures vanquished.

Vanquished Creatures (others)
  15 toadstools (D:3)
15 creatures vanquished.

Grand Total: 42 creatures vanquished

Notes
Turn   | Place    | Note
-------+----------+-------------------------------------------
     0 | D:1      | KLATTERAL the Minotaur Necromancer began the quest for the Orb.
     0 | D:1      | Reached XP level 1. HP: 14/14 MP: 1/1
   114 | D:1      | Reached skill level 3 in Necromancy
   247 | D:1      | Learned a level 1 spell: Animate Skeleton
   600 | D:1      | Reached XP level 2. HP: 13/20 MP: 0/3
   750 | D:1      | Reached skill level 1 in Armour
   959 | D:2      | Found a sacrificial altar of Ru.
   968 | D:2      | Became a worshipper of Ru the Awakened
  1301 | D:2      | Reached skill level 1 in Maces & Flails
  1355 | D:2      | Reached XP level 3. HP: 24/26 MP: 4/4
  1499 | D:2      | Noticed a dagger
  1500 | D:2      | Noticed a dagger
  1503 | D:2      | Found a hide-covered altar of Uskayaw.
  1695 | D:3      | Noticed Ijyb
  1709 | D:3      | Killed from afar by Ijyb

Skill      XL: |  1  2 |
---------------+-------+-----
Necromancy     | 3 |  3.3
Armour         | 1 |  1.9
Maces & Flails | 1 |  1.3
Dodging        | |  2.4
Stealth        | |  1.5
Spellcasting   | |  1.5

Action                   || total
-------------------------++-------
Melee: Mace              ||    61
       Headbutt          ||     5
 Cast: Animate Skeleton  ||     8
       Pain              ||     5
  Use: Scroll            ||     2
  Eat: Chunk             ||     3
Armor: Ring mail         ||    26
Dodge: Dodged            ||    53
